AoeStats
← boringstorm

Arena

509517183Analyzed
1v1 RM · 4d ago on Sep 27, 2026· 34m 5s· 2 players
Game mode
Random Map
Map size
Tiny (2 player)
Population
200
Speed
Normal
Resources
Standard
Victory
Conquest
Starting age
Dark Age
Ending age
Imperial Age
RankedLock teamsTeams togetherTeam positionsShared explorationLock speedFull tech treeHidden civsTurbo modeCheats
Victory
Defeat
🇮🇳 Persians · India
911
+17
🇺🇸 Burmese · United States
933
-17
dipsh*t
10:23 Feudal Age
14:28 Castle Age
12:54 Horse Collar
15:30 Loom
16:26 Wheelbarrow
16:53 Pikeman
17:33 Squires
26:48 Light Cavalry
27:39 Bloodlines
31:34 Imperial Age
29:00 Double-Bit Axe
32:15 Husbandry
32:29 Cavalier
34:24 Hand Cart
boringstorm
9:33 Loom
11:50 Feudal Age
13:10 Horse Collar
16:15 Castle Age
23:54 Heavy Plow
25:12 Stone Mining
26:57 Wheelbarrow
33:53 Imperial Age
32:13 Padded Archer Armor
32:47 Hand Cart
Connection lost

Rejoining the realm…

Still unreachable

The connection could not be restored.

Session expired

The server has moved on; the page needs a fresh start.